 Dungeon Crawl Stone Soup version 0.22-a0-469-gf26638a (webtiles) character file.

43 CougarLife the Shield-Bearer (level 3, -5/33 HPs)
             Began as a Minotaur Fighter on June 12, 2018.
             Slain by an ogre
             ... wielding a +0 giant spiked club
              (19 damage)
             ... on level 2 of the Dungeon.
             The game lasted 00:01:08 (835 turns).

CougarLife the Shield-Bearer (Minotaur Fighter)      Turns: 835, Time: 00:01:09

Health: -5/33      AC:  7    Str: 25    XL:     3   Next: 37%
Magic:  2/2        EV:  7    Int:  6    God:
Gold:   114        SH:  9    Dex:  9    Spells: 2/2 levels left

rFire    . . .     SeeInvis .   a - +0 war axe
rCold    . . .     Gourm    .   c - +0 shield
rNeg     . . .     Faith    .   b - +0 scale mail
rPois    .         Spirit   .   (helmet restricted)
rElec    .         Reflect  .   (no cloak)
rCorr    .         Harm     .   (no gloves)
MR       .....                  (no boots)
Stlth    ..........             (no amulet)
HPRegen  0.11/turn              (no ring)
MPRegen  0.08/turn              (no ring)

@: mighty
A: retaliatory headbutt, horns 2
a: no special abilities


You were on level 2 of the Dungeon.
You were not hungry.

You visited 1 branch of the dungeon, and saw 2 of its levels.

You collected 114 gold pieces.

Inventory:

Hand Weapons
 a - a +0 war axe (weapon)
Armour
 b - a +0 scale mail (worn)
 c - a +0 shield (worn)
Scrolls
 h - a scroll of enchant weapon {unknown}
 j - a scroll of teleportation {unknown}
 m - 2 scrolls of remove curse {unknown}
 n - a scroll of immolation {unknown}
 o - a scroll of identify {unknown}
 p - a scroll of amnesia {unknown}
Potions
 e - a potion of flight {unknown}
 i - 2 potions of curing {unknown}
 k - a potion of haste {unknown}
 l - a potion of heal wounds {unknown}
Comestibles
 f - 2 rations
 g - 7 chunks of flesh


   Skills:
 - Level 4.0 Fighting
 + Level 3.6 Axes
 - Level 4.0 Armour
 - Level 4.0 Shields


You had 2 spell levels left.
You didn't know any spells.
Your spell library was empty.

Dungeon Overview and Level Annotations

Branches:
Dungeon (2/15)

Altars:


Innate Abilities, Weirdness & Mutations

You reflexively headbutt those who attack you in melee.
You have a pair of horns on your head.


Message History

Things that are here:
a club; a hobgoblin skeleton
There is a stone staircase leading down here.
An ogre comes into view. It is wielding a giant spiked club.
An ogre is nearby!
An ogre is nearby!
An ogre is nearby!
The ogre hits you with a giant spiked club!!
Ouch! That really hurt!
An ogre is nearby!
You are too injured to fight recklessly!
An ogre is nearby!
You are too injured to fight recklessly!
An ogre is nearby!
You are too injured to fight recklessly!
An ogre is nearby!
You feel very mighty all of a sudden.
The ogre hits you with a giant spiked club!!
Ouch! That really hurt!
You die...

#...# ##..#
#..########
#..........
#.>########
##.# #.#
#.# #@# #O#
#.# #.# ..#
###


You could see an ogre.

Vanquished Creatures
  An ooze (D:2)
  2 worms (D:2)
  2 leopard geckos (D:1)
  A ball python (D:1)
  5 giant cockroaches
  2 goblins (D:1)
  5 hobgoblins
  A quokka (D:2)
  4 bats (D:1)
  2 frilled lizards (D:1)
  3 rats (D:1)
28 creatures vanquished.

Notes
Turn   | Place    | Note
-------+----------+-------------------------------------------
     0 | D:1      | CougarLife the Minotaur Fighter began the quest for the Orb.
     0 | D:1      | Reached XP level 1. HP: 19/19 MP: 0/0
   243 | D:1      | Reached XP level 2. HP: 26/26 MP: 1/1
   715 | D:2      | Reached XP level 3. HP: 30/33 MP: 2/2
   831 | D:2      | Noticed an ogre
   835 | D:2      | Slain by an ogre

Vault maps used:
D:1:      dpeg_arrival_boxorama, minmay_pentomino_x4
D:2:      marbit_many_paths, xom_redecorated, lemuel_blue_sif_altar

Skill      XL: |  1  2 |
---------------+-------+-----
Shields        | 4 |  4.0
Armour         | 4 |  4.0
Fighting       | 4 |  4.0
Axes           | 3 |  3.6

Action                   || total
-------------------------++-------
Melee: War axe           ||    86
       Headbutt          ||     8
  Use: Potion            ||     1
Armor: Scale mail        ||    39
Dodge: Dodged            ||    29
Block: Shield            ||    39

Table legend:
 A = Spawn XP
 B = Non-spawn XP
 C = Spawn XP percentage of total XP
 D = Spawn monster count
 E = Non-spawn monster count
 F = Spawn count percentage of total count
 G = Total turns spent on level
                    A         B        C        D         E        F      G
               +---------+---------+-------+---------+---------+-------+---------
         Total |       0 |      62 |   0.0 |       0 |      28 |   0.0 |   835
               +---------+---------+-------+---------+---------+-------+---------
           D:1 |       0 |      35 |   0.0 |       0 |      20 |   0.0 |   668
           D:2 |       0 |      27 |   0.0 |       0 |       8 |   0.0 |   167
               +---------+---------+-------+---------+---------+-------+---------
